Map: Backwater LE

Players

ShoWTimE

  • Race: Protoss Protoss
  • Spawn Location: 5:00

SpeCial - Winner!

  • Race: Terran Terran
  • Spawn Location: 11:00

Event: IEM Season 12 - Katowice

VOD

Have the link to the VOD?

Description

Time

  • Played on: March 1, 2018, 8:57 a.m.
  • Length: 9:59

All games in this series

Show
View Real Time Build Order
Export as new Build Order

ShoWTimE Protoss 

Build Orders: 1 Gate Expand, Oracle Opening 

Get SALT Encoding   

  12  0:00  Probe  
  13  0:12  Probe  
  14  0:19  Pylon  
  14  0:24  Probe  
  15  0:37  Probe (Chrono Boost)  
  15  0:39  Gateway  
  16  0:47  Probe (Chrono Boost), Assimilator  
  17  0:52  Probe (Chrono Boost)  
  18  1:04  Probe  
  19  1:16  Probe  
  20  1:26  Nexus  
  20  1:35  Cybernetics Core  
  20  1:38  Probe  
  21  1:44  Assimilator  
  21  1:50  Probe  
  22  1:54  Pylon  
  22  2:02  Probe  
  23  2:10  Adept (Chrono Boost)  
  23  2:14  Probe  
  26  2:18  Stargate  
  26  2:26  Probe (Chrono Boost)  
  26  2:28  Warp Gate  
  27  2:32  Adept (Chrono Boost)  
  28  2:38  Probe (Chrono Boost)  
  30  2:44  Probe (Chrono Boost)  
  30  2:47  Probe (Chrono Boost)  
  30  2:50  Adept (Chrono Boost)  
  32  2:52  Probe x2 (Chrono Boost)  
  35  3:00  Oracle (Chrono Boost)  
  35  3:03  Probe  
  35  3:04  Probe  
  40  3:09  Pylon  
  40  3:15  Probe  
  40  3:16  Probe  
  42  3:27  Probe  
  42  3:29  Probe  
  42  3:31  Oracle (Chrono Boost)  
  47  3:38  Gateway  
  47  3:39  Probe  
  47  3:40  Gateway  
  47  3:41  Probe  
  49  3:51  Probe  
  50  4:01  Pylon  
  50  4:04  Phoenix (Chrono Boost)  
  50  4:07  Nexus  
  50  4:09  Probe  
  53  4:10  Probe  
  54  4:18  Pylon  
  54  4:21  Probe  
  54  4:22  Probe  
  56  4:31  Assimilator  
  56  4:33  Probe  
  56  4:34  Probe, Adept  
  56  4:35  Adept, Assimilator  
  56  4:37  Adept  
  65  4:45  Probe  
  65  4:46  Forge  
  65  4:48  Twilight Council  
  66  4:54  Pylon  
  65  5:00  Stalker x2  
  65  5:04  Pylon  
  69  5:11  Pylon  
  69  5:13  Stalker  
  71  5:14  Probe x2  
  71  5:20  Probe  
  74  5:26  Probe  
  74  5:27  Probe  
  76  5:30  Adept x2  
  76  5:34  Probe  
  81  5:36  Stalker  
  81  5:38  Probe  
  81  5:39  Probe  
  76  5:50  Probe  
  76  5:55  Protoss Ground Weapons Level 1 (Chrono Boost)  
  76  5:56  Probe  
  70  6:02  Blink (Chrono Boost)  
  65  6:07  Probe x2  
  65  6:09  Probe  
  68  6:16  Gateway  
  68  6:18  Gateway  
  68  6:19  Probe  
  68  6:21  Gateway  
  68  6:24  Probe, Sentry x2  
  74  6:25  Probe  
  74  6:31  Probe  
  76  6:34  Stalker  
  76  6:37  Probe  
  76  6:38  Probe  
  78  6:43  Probe  
  75  6:49  Probe (Chrono Boost)  
  75  6:50  Probe (Chrono Boost)  
  71  6:54  Stalker x2  
  71  6:55  Probe (Chrono Boost)  
  71  7:01  Probe (Chrono Boost)  
  77  7:02  Probe (Chrono Boost)  
  77  7:07  Probe (Chrono Boost)  
  79  7:10  Probe x2 (Chrono Boost)  
  79  7:12  Probe (Chrono Boost)  
  79  7:15  Probe (Chrono Boost)  
  82  7:16  Probe (Chrono Boost)  
  82  7:21  Gateway  
  81  7:23  Gateway  
  81  7:25  Probe (Chrono Boost)  
  81  7:27  Probe (Chrono Boost)  
  81  7:28  Probe (Chrono Boost)  
  84  7:30  Robotics Facility  
  84  7:35  Probe (Chrono Boost)  
  84  7:36  Probe x2 (Chrono Boost)  
  87  7:40  Probe (Chrono Boost)  
  87  7:42  Sentry  
  87  7:43  Stalker x3  
  96  7:45  Probe x2  
  96  7:46  Charge (Chrono Boost)  
  96  7:49  Assimilator  
  96  7:50  Protoss Ground Weapons Level 2 (Chrono Boost), Pylon  
  98  7:52  Assimilator  
  98  8:07  Stalker x4  
  98  8:11  Pylon  
  106  8:13  Probe  
  106  8:17  Immortal  
  111  8:22  Stalker  
  111  8:23  Stalker  
  107  8:38  Stalker  
  107  8:39  Stalker x3  
  109  8:43  Pylon  
  109  8:46  Stalker  
  109  8:47  Stalker  
  113  8:51  Pylon  
  113  8:56  Immortal  
  113  9:02  Stalker x5  
  125  9:07  Zealot  
  127  9:10  Pylon  
  127  9:12  Zealot x2  
  127  9:15  Cybernetics Core  
  127  9:26  Zealot x3  
  127  9:29  Zealot x2  
  135  9:33  Zealot x2  
  109  9:49  Zealot x3  
  109  9:50  Zealot x2  
Show
View Real Time Build Order
Export as new Build Order

SpeCial Terran - Winner!

Build Orders: MMM Bio 

Get SALT Encoding   

  12  0:00  SCV  
  13  0:12  SCV  
  14  0:17  Supply Depot  
  14  0:25  SCV  
  14  0:28  Refinery  
  15  0:39  SCV  
  16  0:45  Barracks  
  16  0:51  SCV  
  17  1:03  SCV  
  18  1:15  SCV  
  20  1:33  Reaper, Orbital Command  
  20  1:46  Command Center  
  20  1:55  Factory  
  20  1:59  SCV  
  21  2:06  Barracks Reactor  
  21  2:10  Refinery  
  21  2:11  SCV  
  22  2:16  Supply Depot  
  22  2:23  SCV  
  23  2:38  SCV  
  23  2:42  Marine x2, Starport  
  26  2:47  Widow Mine  
  26  2:50  SCV  
  29  3:00  Orbital Command  
  29  3:02  SCV  
  29  3:03  Marine x2  
  32  3:10  Widow Mine  
  34  3:18  SCV  
  35  3:20  Medivac  
  35  3:23  Marine  
  35  3:24  Supply Depot  
  35  3:25  Marine  
  39  3:28  SCV  
  42  3:38  Factory Tech Lab  
  42  3:39  SCV  
  42  3:40  SCV  
  41  3:46  Marine x2  
  43  3:52  Viking, SCV x2  
  47  3:58  Siege Tank  
  50  4:04  SCV x2  
  50  4:07  Supply Depot, Marine x2  
  54  4:12  Liberator  
  54  4:17  Engineering Bay  
  54  4:29  Supply Depot, SCV x2, Marine x2  
  61  4:41  SCV  
  61  4:43  Supply Depot  
  61  4:44  Missile Turret  
  62  4:51  SCV, Siege Tank, Marine x2  
  62  4:52  Supply Depot  
  68  4:53  SCV  
  69  5:02  Terran Infantry Weapons Level 1  
  69  5:03  SCV  
  69  5:05  SCV  
  71  5:08  Command Center  
  71  5:12  Liberator  
  71  5:15  SCV  
  71  5:17  SCV  
  71  5:25  Marine x2  
  71  5:26  Bunker  
  71  5:27  SCV  
  74  5:29  SCV  
  78  5:39  SCV  
  77  5:49  Siege Tank, Barracks  
  75  5:50  SCV  
  75  5:51  Barracks  
  75  5:56  Marine x2  
  75  6:00  SCV  
  75  6:02  Refinery  
  75  6:03  SCV  
  74  6:09  Refinery  
  74  6:11  Supply Depot  
  74  6:12  Starport Tech Lab  
  74  6:15  Marine x2  
  74  6:17  SCV x2  
  78  6:18  Missile Turret  
  78  6:26  SCV  
  78  6:29  SCV  
  80  6:32  Marine x2, Factory Reactor  
  80  6:36  SCV  
  80  6:38  SCV  
  84  6:41  Barracks  
  84  6:43  Barracks  
  81  6:47  Starport Reactor  
  81  6:48  Marine x2, Combat Shields  
  81  6:49  Stimpack  
  81  6:50  Marine x2  
  81  6:51  SCV  
  81  6:53  SCV  
  79  6:57  Missile Turret, Orbital Command  
  79  7:02  Terran Infantry Armor Level 1  
  79  7:06  Marine  
  79  7:08  Marine x2  
  79  7:09  Marauder  
  79  7:12  SCV x2  
  81  7:22  Missile Turret  
  81  7:23  SCV  
  81  7:24  SCV x2, Marauder  
  81  7:26  Marine x2  
  81  7:28  Medivac x2  
  90  7:31  Marauder  
  90  7:32  Barracks Reactor, Barracks Tech Lab  
  90  7:33  Widow Mine  
  90  7:35  SCV  
  90  7:36  SCV  
  96  7:37  Widow Mine  
  96  7:39  Supply Depot  
  96  7:40  SCV  
  99  7:45  Marine x2  
  99  7:46  Marauder  
  99  7:47  SCV  
  99  7:48  SCV  
  105  7:52  SCV, Marauder  
  105  7:53  Supply Depot x2  
  108  8:00  Medivac  
  108  8:01  Widow Mine x2, Medivac  
  116  8:07  SCV  
  116  8:10  Supply Depot  
  117  8:14  SCV, Marine x4  
  117  8:15  Marauder  
  117  8:16  Supply Depot  
  117  8:18  Supply Depot  
  117  8:19  Supply Depot  
  125  8:20  SCV  
  125  8:21  SCV, Refinery  
  125  8:22  Refinery  
  125  8:26  SCV  
  125  8:32  Liberator x2  
  120  8:37  SCV  
  120  8:39  Marine x4  
  120  8:40  Marauder x3  
  127  8:43  Armory  
  127  8:44  Engineering Bay  
  127  8:47  SCV  
  127  8:48  Supply Depot  
  128  8:53  Ghost Academy  
  134  9:02  Marine x4  
  134  9:03  Marauder x3  
  140  9:10  SCV x3  
  143  9:21  Widow Mine x2  
  143  9:23  Marine x3  
  143  9:24  Marine, Marauder x2  
  147  9:26  Marauder  
  153  9:33  Supply Depot  
  153  9:34  Supply Depot  

Tags
 
Add a new tag
Caveats
  • Supply blocks, unpowered buildings, or Contaminate may cause inaccurate times.
  • Supply counts are checked every 10 seconds.